Map: Acropolis LE

Players

Namshar - Winner!

  • Race: Zerg Zerg
  • Spawn Location: 5:00

Nerchio

  • Race: Zerg Zerg
  • Spawn Location: 11:00

Event: 2019 WCS Summer

VOD

Have the link to the VOD?

Description

Time

  • Played on: July 12, 2019, 9:05 a.m.
  • Length: 8:57

All games in this series

Show
View Real Time Build Order
Export as new Build Order

Namshar Zerg - Winner!

Build Orders: Hatch First 

Get SALT Encoding   

  12  0:00  Drone  
  13  0:12  Overlord  
  13  0:17  Drone  
  14  0:31  Drone x2  
  16  0:48  Hatchery  
  15  0:51  Drone  
  15  0:54  Drone  
  17  0:58  Drone  
  18  1:08  Extractor  
  17  1:13  Spawning Pool  
  17  1:15  Drone  
  17  1:19  Drone  
  18  1:28  Drone  
  19  1:38  Drone  
  20  1:49  Drone  
  21  2:00  Drone, Queen x2, Overlord  
  26  2:08  Metabolic Boost  
  26  2:11  Drone x2  
  28  2:21  Zergling x4  
  30  2:32  Zergling x2  
  30  2:33  Drone  
  30  2:35  Hatchery  
  31  2:42  Drone  
  32  2:44  Overlord  
  32  2:48  Baneling Nest  
  31  2:57  Drone  
  32  2:58  Drone  
  32  3:05  Drone  
  34  3:08  Drone x3  
  34  3:10  Queen  
  39  3:14  Overlord  
  39  3:17  Drone  
  40  3:20  Zergling x2  
  40  3:24  Overlord  
  40  3:26  Drone  
  42  3:28  Drone  
  42  3:32  Evolution Chamber  
  42  3:33  Baneling x2  
  42  3:35  Zergling x2  
  42  3:40  Drone x2  
  42  3:41  Drone  
  46  3:48  Drone x2  
  48  3:51  Drone  
  48  3:52  Drone x3  
  52  3:58  Drone  
  52  3:59  Drone  
  52  4:00  Extractor  
  52  4:01  Extractor  
  52  4:03  Drone x2  
  52  4:06  Lair  
  54  4:13  Roach Warren  
  52  4:18  Zerg Missile Weapons Level 1, Drone  
  52  4:19  Drone x2  
  55  4:24  Drone x3  
  55  4:25  Drone  
  55  4:29  Overlord  
  59  4:35  Drone x5  
  63  4:39  Overlord  
  63  4:43  Extractor  
  63  4:44  Extractor  
  61  4:46  Overlord  
  61  4:47  Drone x3  
  61  4:51  Overlord  
  65  4:52  Drone  
  65  4:59  Drone x5  
  69  5:03  Glial Reconstitution  
  69  5:09  Overlord  
  69  5:10  Roach  
  69  5:11  Roach x3  
  77  5:18  Roach x2  
  81  5:26  Overlord  
  81  5:29  Roach x6  
  81  5:34  Nydus Network  
  92  5:38  Overlord  
  92  5:40  Roach x3  
  92  5:41  Roach  
  100  5:48  Overlord x2  
  102  5:50  Roach x2  
  104  5:59  Roach  
  104  6:00  Roach x5  
  104  6:02  Roach  
  104  6:03  Roach  
  120  6:10  Roach x4  
  127  6:14  Roach  
  127  6:15  Roach, Nydus Canal  
  131  6:21  Roach x2  
  133  6:33  Nydus Canal  
  133  6:34  Roach x2  
  133  6:37  Overlord x3  
  133  6:38  Overlord x3  
  137  6:45  Hatchery  
  136  6:53  Roach  
  136  6:54  Roach x5  
  135  7:03  Nydus Canal  
  135  7:06  Roach x6  
  139  7:11  Roach x3  
  139  7:14  Roach x2  
  133  7:20  Nydus Canal  
  133  7:22  Roach x4  
  129  7:27  Roach x2  
  129  7:32  Roach x2  
  129  7:35  Roach  
  131  7:41  Nydus Canal  
  131  7:43  Roach x6  
  139  7:51  Roach x4  
  135  7:54  Roach x2  
  139  7:59  Nydus Canal  
  139  8:00  Roach x2  
  139  8:03  Roach  
  139  8:04  Roach  
  137  8:18  Nydus Canal  
  137  8:25  Roach x9  
  137  8:26  Roach  
  151  8:28  Roach x2  
  135  8:34  Nydus Canal  
Show
View Real Time Build Order
Export as new Build Order

Nerchio Zerg 

Build Orders: Hatch First 

Get SALT Encoding   

  12  0:01  Drone  
  13  0:12  Overlord  
  13  0:17  Drone  
  14  0:30  Drone x2  
  16  0:48  Hatchery  
  15  0:51  Drone  
  15  0:54  Drone  
  17  0:57  Drone  
  18  1:08  Extractor  
  17  1:13  Spawning Pool  
  17  1:15  Drone  
  18  1:18  Drone  
  18  1:28  Drone  
  19  1:39  Drone  
  20  1:49  Overlord  
  20  1:59  Queen  
  20  2:00  Zergling x4, Queen  
  26  2:07  Metabolic Boost  
  26  2:10  Drone  
  26  2:11  Drone  
  28  2:22  Drone x2  
  30  2:33  Hatchery  
  30  2:36  Drone  
  30  2:38  Drone  
  31  2:44  Baneling Nest  
  31  2:46  Drone  
  31  2:49  Drone  
  32  2:54  Overlord  
  32  2:56  Zergling x2  
  33  3:04  Zergling x2  
  34  3:08  Drone  
  34  3:09  Drone  
  40  3:12  Drone x4  
  40  3:19  Drone, Evolution Chamber  
  40  3:20  Drone  
  40  3:24  Overlord  
  41  3:30  Queen  
  41  3:33  Drone  
  44  3:36  Overlord  
  44  3:44  Drone x4  
  44  3:48  Zerg Missile Weapons Level 1  
  48  3:49  Drone  
  48  3:52  Drone x2  
  48  3:55  Drone x2  
  53  3:58  Drone  
  53  4:00  Drone x2  
  56  4:09  Overlord  
  56  4:13  Drone x6  
  62  4:17  Overlord  
  62  4:20  Extractor  
  62  4:21  Lair  
  61  4:24  Roach Warren  
  61  4:26  Drone  
  61  4:27  Drone  
  63  4:31  Drone x3  
  63  4:36  Drone x2  
  66  4:39  Drone, Extractor  
  66  4:40  Drone, Extractor x2  
  66  4:41  Drone x2  
  66  4:43  Drone  
  66  4:45  Drone x3  
  71  4:47  Drone  
  73  4:52  Drone  
  73  4:53  Drone x3  
  76  5:01  Extractor  
  76  5:06  Overlord x2  
  75  5:09  Pneumatized Carapace  
  75  5:11  Hatchery  
  75  5:13  Overlord  
  75  5:14  Overlord  
  74  5:21  Glial Reconstitution  
  74  5:26  Roach x7  
  88  5:32  Roach x3  
  94  5:37  Overlord x2  
  94  5:41  Roach x3  
  100  5:44  Zerg Missile Weapons Level 2  
  100  5:47  Drone, Evolution Chamber  
  100  5:48  Drone  
  101  5:52  Overseer  
  101  6:02  Hydralisk Den  
  100  6:05  Roach x8  
  100  6:06  Roach  
  118  6:12  Roach x3  
  118  6:13  Overlord  
  124  6:21  Roach x3  
  124  6:23  Overlord x2  
  130  6:35  Roach  
  130  6:36  Roach x2, Overlord  
  130  6:37  Overlord x2  
  136  6:40  Overseer  
  136  6:51  Roach  
  136  6:52  Roach x8  
  148  6:54  Roach  
  148  6:57  Roach x2  
  145  7:03  Roach x2  
  145  7:04  Roach  
  145  7:05  Roach  
  145  7:06  Roach  
  145  7:07  Roach  
  140  7:08  Roach  
  140  7:11  Roach  
  140  7:12  Roach  
  140  7:14  Roach  
  127  7:17  Roach x2  
  115  7:23  Roach  
  115  7:24  Roach  
  115  7:25  Roach  
  107  7:31  Roach x2  
  107  7:33  Roach  
  107  7:36  Roach  
  106  7:38  Roach x2  
  106  7:42  Roach  
  102  7:50  Roach x3  
  102  7:51  Roach  
  108  7:57  Roach  
  110  8:00  Roach x3  
  109  8:08  Roach  
  109  8:09  Roach  
  112  8:13  Roach x2  
  116  8:20  Roach x2  
  116  8:21  Roach x2  
  111  8:29  Roach  
  111  8:31  Roach x2  
  111  8:32  Roach  
Tags
 
Add a new tag
Caveats
  • Supply blocks, unpowered buildings, or Contaminate may cause inaccurate times.
  • Supply counts are checked every 10 seconds.